 Dungeon Crawl Stone Soup version 0.28.0-45-g0d030f2227 (webtiles) character file.

Game seed: 12177147082043385263

1814 RascalDebosk the Skirmisher (level 8, -1/67 HPs)
             Began as a Palentonga Fighter on Apr 16, 2022.
             Was an Initiate of Gozag.
             Slain by a black bear (5 damage)
             ... on level 6 of the Dungeon.
             The game lasted 00:26:57 (6224 turns).

RascalDebosk the Skirmisher (Palentonga Fighter)    Turns: 6224, Time: 00:26:57

Health: -1/67      AC: 20    Str: 22    XL:     8   Next: 84%
Magic:  0/8        EV:  3    Int:  9    God:    Gozag
Gold:   199        SH:  4    Dex:  9    Spells: 7/7 levels left

rFire   + . .      SeeInvis +   s - +3 hand axe (freeze)
rCold   . . .      Faith    .   c - +0 buckler
rNeg    . . .      Spirit   +   n - +0 chain mail
rPois   .          Reflect  .   (no helmet)
rElec   .          Harm     .   (no cloak)
rCorr   .          Rampage  .   (no gloves)
Will    .....                   l - +0 barding {rF+}
Stlth   ..........              g - amulet of guardian spirit
HPRegen 0.21/turn               (no ring)
MPRegen 0.11/turn               (no ring)

@: gold aura, curled up
A: large, rugged brown scales 3, see invisible, deformed body, roll 1, armoured
tail, reflexive curl
a: Rolling Charge, Renounce Religion, Potion Petition, Call Merchant, Bribe
Branch


You were on level 6 of the Dungeon.
You worshipped Gozag.
Gozag was aware of your devotion.
You visited 2 branches of the dungeon, and saw 7 of its levels.

You collected 537 gold pieces.
You spent 300 gold pieces at shops.
You paid 38 gold pieces to Gozag.

Inventory:

Hand Weapons
 a - a +1 war axe of venom
 q - a +5 trident
 s - a +3 hand axe of freezing (weapon)
Missiles
 k - 5 poisoned darts
 p - 2 atropa-tipped darts
Armour
 c - a +0 buckler (worn)
 l - a +0 barding of fire resistance (worn)
 n - a +0 chain mail (worn)
Jewellery
 g - an amulet of guardian spirit (around neck)
 t - a ring of wizardry
Wands
 i - a wand of flame (25)
 m - a wand of acid (8)
Scrolls
 r - 2 scrolls of fog
Potions
 b - a potion of invisibility {unknown}
 d - 2 potions of might
 e - 2 potions of brilliance
 f - a potion of curing {unknown}
 h - 3 potions of mutation {unknown}
 j - a potion of heal wounds {unknown}
 o - a potion of degeneration {unknown}
 u - a potion of haste {unknown}


   Skills:
 + Level 5.5 Fighting
 + Level 5.0 Axes
 + Level 3.3 Throwing
 + Level 4.6 Armour
 + Level 4.5 Shields
 + Level 4.0 Evocations


You had 7 spell levels left.
You didn't know any spells.
Your spell library was empty.

Dungeon Overview and Level Annotations

Branches:
Dungeon (6/15)             Temple (1/1) D:4

Altars:
Ashenzari
Dithmenos
Elyvilon
Fedhas
Gozag
Hepliaklqana
Kikubaaqudgha
Nemelex Xobeh
Qazlal
Sif Muna
Trog
Uskayaw
Vehumet
Wu Jian
Yredelemnul
Zin

Shops:
D:3 [   D:4 [[?


Innate Abilities, Weirdness & Mutations

You are completely covered in rugged brown scales. (AC +3, +7% HP)
You have supernaturally acute eyesight. (SInv)
Armour fits poorly on your strangely shaped body.
You can roll at nearby foes to attack.
You have a long armoured tail.
You curl defensively after being hit. (AC +7*)


Message History

* * * LOW HITPOINT WARNING * * *
You hit Maggie. You freeze Maggie. You tail-slap Maggie.
Maggie is almost dead.
You block Maggie's attack. Maggie hits you but does no damage.
You hit Maggie. You freeze Maggie.
Maggie is almost dead.
You slash the black bear! You freeze the black bear.
The black bear bites you but does no damage.
The black bear claws you but does no damage. x2
Maggie hits you with a +0 war axe.
* * * LOW HITPOINT WARNING * * *
You barely miss Maggie.
Maggie is almost dead.
You hit the black bear. You freeze the black bear.
The black bear bites you but does no damage.
The black bear claws you but does no damage.
The black bear claws you.
* * * LOW HITPOINT WARNING * * *
Maggie hits you but does no damage.
You hit Maggie but do no damage.
Your tail-slap misses Maggie.
Maggie is almost dead.
You hit the black bear. You freeze the black bear.
You break out of your daze.
The black bear bites you.
* * * LOW HITPOINT WARNING * * *
The black bear claws you but does no damage. x2
Maggie hits you with a +0 war axe.
* * * LOW HITPOINT WARNING * * *
The black bear bites you but does no damage.
The black bear claws you but does no damage. x2
You hit Maggie. You freeze Maggie.
You kill Maggie!
You hit the black bear. You freeze the black bear.
The black bear goes berserk!
Your Axes skill increases to level 5!
Your Evocations skill increases to level 4!
You barely miss the black bear.
The black bear is severely wounded.
You block the black bear's attack. The black bear claws you.
You die...
Your body crumbles into a pile of gold.

..........>.......#
..................#
..................#
..................#
..................#
.............#
.............#
.............#
........h@.$.#
........$$...#
.............#
..........$.#
...........#
...........#
.[........?#
############


You could see a black bear (berserk).

Vanquished Creatures
  Maggie (D:6)
  A water moccasin (D:6)
  A black bear (D:4)
  A sky beast (D:5)
  2 centaurs (D:5)
  A phantom (D:5)
  4 scorpions
  3 wights (D:6)
  The ghost of zeratav the Insei, a weakling OpTm (D:3)
  2 jellies
  3 hounds
  2 orc priests
  2 gnoll shamans
  4 iguanas
  A bullfrog skeleton (D:5)
  A hound skeleton (D:4)
  A howler monkey zombie (D:6)
  6 adders
  7 gnolls
  3 shadow imps (D:6)
  2 worms
  5 dart slugs
  4 orcs (D:3)
  6 bats
  2 bat zombies (D:4)
  4 endoplasms
  3 giant cockroaches
  5 goblins
  9 hobgoblins
  3 kobolds
  2 quokkas
  5 ball pythons
  3 frilled lizards (D:1)
  10 rats
  A rat zombie (D:4)
111 creatures vanquished.

Notes
Turn   | Place    | Note
-------+----------+-------------------------------------------
     0 | D:1      | RascalDebosk the Palentonga Fighter began the quest for the
                  | Orb.
     0 | D:1      | Reached XP level 1. HP: 19/19 MP: 1/1
   197 | D:1      | Reached XP level 2. HP: 24/25 MP: 2/2
   547 | D:1      | Found a faded altar of an unknown god.
   732 | D:1      | Reached XP level 3. HP: 29/31 MP: 3/3
   884 | D:2      | Reached skill level 1 in Evocations
  1292 | D:2      | Reached XP level 4. HP: 36/37 MP: 4/4
  1487 | D:2      | Reached skill level 1 in Throwing
  1744 | D:3      | Reached XP level 5. HP: 11/43 MP: 1/5
  2443 | D:3      | Found Astirph's Antique Armour Shoppe.
  2511 | D:3      | Found a runed translucent door.
  2526 | D:3      | Noticed zeratav's ghost (weakling OpTm)
  2558 | D:3      | Killed zeratav's ghost
  3142 | D:4      | Found a staircase to the Ecumenical Temple.
  3151 | D:4      | Reached XP level 6. HP: 40/51 MP: 6/6
  3167 | Temple   | Entered the Ecumenical Temple
  3256 | Temple   | Became a worshipper of Gozag Ym Sagoz the Greedy
  3360 | D:4      | Found an ancient bone altar of Kikubaaqudgha.
  3526 | D:4      | Found a bloodstained altar of Trog.
  3698 | D:4      | Found Unickefe's Armour Shoppe.
  3726 | D:4      | Found Ochivail's Armour Boutique.
  3865 | D:4      | Found Uggij's Magic Scroll Boutique.
  3930 | D:4      | Gained mutation: You curl defensively after being hit. (AC
                  | +7*) [Palentonga growth]
  3930 | D:4      | Reached XP level 7. HP: 29/57 MP: 4/7
  4182 | D:5      | Entered Level 5 of the Dungeon
  4628 | D:4      | Bought a +0 barding of fire resistance for 300 gold pieces
  4884 | D:5      | Reached XP level 8. HP: 65/65 MP: 8/8
  5368 | D:6      | Reached skill level 5 in Fighting
  6204 | D:6      | Noticed Maggie
  6223 | D:6      | Killed Maggie
  6224 | D:6      | Reached skill level 5 in Axes
  6224 | D:6      | Slain by a black bear

Illustrated notes

Levels and vault maps discovered:
D:1:      co_arrival_square_in_a_square_in_a_square, layout_loops_ring,
          dreamdust_ecumenical_altar_sealed_demon
D:2:      layout_rooms
D:3:      layout_loops_ring, serial_shops, nicolae_shop_behind_doors,
          hellmonk_ghost_happy_afterlife, hex_tiny,
          kennysheep_decorative_pillar, grunt_decor_mini_mirrors,
          minmay_box_of_dots
D:4:      layout_basic, bloody_trog, lemuel_zombie_altar_kikubaaqudgha,
          minmay_temple_entry_statues_fountains, serial_shops,
          kennysheep_little_box, shop, nicolae_take_the_stairs,
          minmay_stone_trees_small, patterned_corridor
D:5:      layout_loops_ring
D:6:      layout_basic, uniq_maggie
Temple:   zaba_magenta_temple

Skill      XL: |  1  2  3  4  5  6  7  8 |
---------------+-------------------------+-----
Evocations     | 1 2 3 4 |  4.0
Throwing       | 1 2 3 |  3.3
Armour         | 3 4 |  4.6
Shields        | 3 4 |  4.5
Axes           | 3 4 5 |  5.0
Fighting       | 4 5 |  5.5

Action                   |  1- 3 |  4- 6 |  7- 9 || total
-------------------------+-------+-------+-------++-------
Melee: War axe           |    89 |   119 |   109 ||   317
       Tailslap          |     5 |     8 |    13 ||    26
       Hand axe          |       |       |    27 ||    27
 Abil: Rolling Charge    |       |     6 |     5 ||    11
  Use: Scroll            |       |    10 |       ||    10
       Potion            |       |     1 |     1 ||     2
Armor: Scale mail        |    51 |    49 |       ||   100
       Chain mail        |       |     4 |   101 ||   105
Dodge: Dodged            |    27 |    42 |    21 ||    90
Block: Buckler           |    18 |    19 |    23 ||    60
